[Event "London Classic 7th"]
[Site "London"]
[Date "2015.12.04"]
[Round "1"]
[White "Vachier Lagrave, Maxime"]
[Black "Carlsen, Magnus"]
[Result "1/2-1/2"]
[ECO "B33"]
[WhiteElo "2765"]
[BlackElo "2850"]
[Annotator "CB"]
[PlyCount "56"]
[EventDate "2015.12.04"]
[EventType "tourn"]
[EventRounds "9"]
[EventCountry "ENG"]
[EventCategory "22"]
[SourceTitle "CBM 170"]
[Source "ChessBase"]
[SourceDate "2016.01.15"]
[SourceVersion "1"]
[SourceVersionDate "2016.01.15"]
[SourceQuality "1"]
[TimeControl "7200+1605"]
[WhiteClock "1:03:14"]
[BlackClock "0:59:43"]

1. e4 c5 2. Nf3 Nc6 3. d4 cxd4 4. Nxd4 Nf6 5. Nc3 e5 6. Ndb5 d6 7. Bg5 a6 8.
Na3 b5 9. Nd5 Be7 10. Bxf6 Bxf6 11. c3 O-O (11... Ne7 12. Nc2 Nxd5 13. Qxd5 Rb8
14. Nb4 Bb7 15. Qd3 O-O 16. Be2 a5 17. Nd5 b4 18. O-O bxc3 19. bxc3 Bg5 20.
Rab1 Qd7 21. Rb3 Bc6 22. Rfb1 Rxb3 23. Rxb3 g6 24. Rb6 Rc8 25. h3 Bxd5 26. Qxd5
Rxc3 27. Rxd6 Qe7 28. Bd1 Rc7 29. g3 Kg7 30. Ba4 Bc1 31. Rc6 {1/2-1/2 (31)
Giri,A (2793)-Carlsen,M (2853) Saint Louis USA 2015}) (11... Bg5 12. Nc2 O-O
13. a4) 12. Nc2 Rb8 13. a4 $6 {wurde hinterher von Carlsen als ungenau
kritisiert - Vachier-Lagrave verwechselte vermutlich die Varianten} (13. Be2) (
{oder das aggressivere} 13. h4 {versprechen Weiß mehr Aussichten}) 13... bxa4
14. Ncb4 Nxb4 15. cxb4 Bb7 16. Rxa4 Qc8 (16... Bxd5 {wäre vielleicht eine
Möglichkeit gewesen, die Spannung noch weiter aufrecht zu halten} 17. Qxd5 Qd7
18. b3 Rfc8 19. Ra1 (19. Bc4 $2 Rxc4 20. Qxc4 Rc8 $19) 19... Qg4 $1 (19... Rxb4
20. Bxa6 {und hier kann Weiß nicht schlechter stehen}) 20. h3 Qg5 {und Weiß
hat Probleme, den König aus dem Zentrum zu bekommen}) 17. Nxf6+ gxf6 18. Bd3
Bc6 19. Rxa6 Rxb4 20. O-O Rd4 21. Qf3 Bxe4 {führt forciert ins Dauerschach,
doch Schwarz hat keine vorteilsversprechenden Fortsetzungen zur Verfügung} 22.
Bxe4 Qxa6 23. Qg4+ Kh8 24. Qf5 Rxe4 25. Qxf6+ Kg8 26. Qg5+ Kh8 27. Qf6+ Kg8 28.
Qg5+ Kh8 1/2-1/2

[Event "Qatar Masters op"]
[Site "Doha"]
[Date "2015.12.27"]
[Round "7"]
[White "Carlsen, Magnus"]
[Black "Giri, Anish"]
[Result "1/2-1/2"]
[ECO "B92"]
[WhiteElo "2834"]
[BlackElo "2784"]
[Annotator "CB"]
[PlyCount "103"]
[EventDate "2015.12.20"]
[EventType "swiss"]
[EventRounds "9"]
[EventCountry "QAT"]
[SourceTitle "CBM 170"]
[Source "ChessBase"]
[SourceDate "2016.01.15"]
[SourceVersion "1"]
[SourceVersionDate "2016.01.15"]
[SourceQuality "1"]
[TimeControl "6000+670"]
[WhiteClock "0:32:18"]
[BlackClock "0:26:39"]

1. e4 c5 2. Nf3 d6 3. d4 Nf6 4. Nc3 cxd4 5. Nxd4 a6 6. Be2 {Carlsen - mit
einem halben Punkt Vorsprung in der Tabelle - scheut riskante Varianten und
versucht mit diesem System einen kleinen Vorteil zu bekommen und danach zu
drücken.} e5 7. Nb3 Be7 8. Bg5 Be6 (8... Nc6 $5 {war Carlsens Wahl in der
vierten Runde} 9. Qd3 Nb4 10. Qd2 h6 11. Bxf6 Bxf6 12. Nd5 Nxd5 13. Qxd5 Qc7
14. O-O-O Be7 15. Kb1 Be6 $15 {0-1 (42) Duda,J (2663)-Carlsen,M (2834) 2015})
9. Bxf6 Bxf6 10. Qd3 Be7 11. Nd5 Nd7 12. Rd1 (12. O-O-O Bxd5 13. Qxd5 Qc7 $11 {
bringt etwas Schärfe in die Stellung, doch gibt Schwarz auch einen
potentiellen Königsangriff}) 12... Bxd5 13. Qxd5 Qc7 {Diagramm [#] Ein sehr
typisches Szenario der Najdorf-Variante: Weiß hat das Feld d5 fest unter
Kontrolle und setzt nun alles daran, eine Leichtrigur, im Optimalfall den
Springer dorthin zu bringen. Mögliche Zugangsfelder sind e3 und b4, da der
Bauer auf c2 auf c3 gestellt werden muss, da er ansonsten schwer zu decken ist.
Nach e3 oder b4 kommt der Springer am besten über d2-f1-->e3 oder a1-c2 -->
e3/b4} 14. Nd2 {bringt den Springer über zweitgenannte Route auf den Weg
Richtung d5 - wo er allerdings nie ankommen wird} (14. Qc4 Qxc4 15. Bxc4 Nf6
16. Bd5 Nxd5 17. Rxd5 Rc8 {ist die optimale Figurenverteilung für Weiß, doch
auch hier ist der Sb3 zu weit vom Idealziel d5 entfernt - zudem kann Schwarz
schnell seine Entwicklung vollenden und mit .. .f5 das weiße Zentrum
attackieren.} 18. c3 g6 19. Ke2 Kd7 20. Rhd1 Ke6 21. Nd2 f5 22. a4 Rhd8 23. c4
Rc6 24. b3 Rf8 25. f4 exf4 26. Kf3 Rc5 27. Re1 Kd7 28. Rxc5 dxc5 29. exf5 Rxf5
30. Ne4 h5 31. Nc3 g5 32. h3 Bd6 33. Nd5 Be5 34. h4 gxh4 35. Rh1 Rg5 36. Rxh4
Rg3+ 37. Ke4 Bd6 38. Rxh5 Rxb3 39. Rh6 Rb2 40. Nf6+ Kc6 41. Kf5 Bb8 42. a5 {
1/2-1/2 (42) Vachier Lagrave,M (2766)-Wojtaszek,R (2733) Biel 2014}) (14. c3 $5
O-O 15. O-O b5 16. Na1 {[%cal Ga1c2,Gc2b4,Gc2e3] wäre die Alternative gewesen:
Der Vorteil von dem Sc2 ist klar ersichtlich: Schwarz muss sich um beide
Problemfelder gleichzeitig kümmern}) 14... O-O 15. O-O (15. Nc4 $6 {
funktioniert ohne Rochade nicht} Nf6 16. Qd3 b5 17. Ne3 Qa5+ )
15... b5 16. c3 g6 17. a3 {mit der möglichen Drohung c4 - folgende
Konstellation wäre für Weiß gut} Rab8 (17... Rfe8 $2 18. c4 Nb6 19. Qd3 bxc4
20. Nxc4 Nxc4 21. Qxc4 Qxc4 22. Bxc4 $16) 18. Rfe1 Rfd8 19. Qa2 (19. Nf1 $2 Nf6
20. Qd3 d5 $15) 19... Nc5 20. Bf1 Bg5 21. Nb3 {spätestens hier ist klar, dass
der weiße Plan nicht aufgegangen ist, der Springer hat auf b3 keine Zukunft}
Qc6 22. Na5 Qc7 23. Nb3 Qc6 24. Rd5 Nd7 25. Rd3 Nc5 26. Rf3 $5 (26. Rd5 {
mit Remisschluss wäre eine logische Folge gewesen. Doch Carlsen findet eine
interessante Ressource, der Partie noch einmal Leben einzuhauchen.}) 26... Rd7
{Diagramm [#]} 27. Na5 Qa8 28. Qd5 Qxd5 29. exd5 {Schwarz ist von seinem
Problemfeld d5 erlöst und kann nun seine Bauernmehrheit auf den Vormarsch
bringen. Weiß hingegen hat mit b4 nebst c4 und Spiel auf den weißen Feldern
einen ebenso konkreten Plan.} e4 30. Rh3 f5 31. Nc6 Rb6 32. b4 Na4 33. c4 Rc7
34. Rb3 {soweit verlief in diesem Partiestadium alles logisch, nun ist es für
beide Seiten schwer die Stellung wirklich zu verstärken ohne große Schwächen
zu kreieren.} Bd2 {gibt das Zugrecht ab, allerdings steht der Turm auf d1
schlechter als auf e1} (34... Bf6 35. f3 $13) 35. Rd1 Bg5 36. g3 Bf6 37. Rc1
Rbxc6 $5 {nicht erzwungen, da c5 wohl nicht drohte, aber aussichtsreich} (37...
Kg7 38. f3 $5 $13 (38. c5 $2 Rbxc6 39. dxc6 Rxc6 $15)) 38. dxc6 Rxc6 39. Rbb1
Bg5 40. Rc2 d5 41. c5 d4 42. Rd1 Bf6 $1 (42... d3 $2 43. Bxd3 exd3 44. Rxd3 $16
) 43. Rcd2 Nc3 {wickelt in ein Endspiel ab, dass mit etwas genauem Spiel von
Schwarz remis ist} 44. Rxd4 Nxd1 45. Rxd1 Bb2 46. Rd8+ Kf7 47. Ra8 Bxa3 48.
Bxb5 Rc7 (48... axb5 $2 49. Rxa3 $16) 49. Rxa6 Bxb4 50. c6 Ke7 51. Rb6 Bd6 52.
Rb7 1/2-1/2

[Event "Bilbao Masters 9th"]
[Site "Bilbao"]
[Date "2016.07.23"]
[Round "10"]
[White "So, Wesley"]
[Black "Carlsen, Magnus"]
[Result "1/2-1/2"]
[ECO "D38"]
[WhiteElo "2770"]
[BlackElo "2855"]
[Annotator "CB"]
[PlyCount "75"]
[EventDate "2016.07.13"]
[EventType "tourn"]
[EventRounds "10"]
[EventCountry "ESP"]
[EventCategory "22"]
[SourceTitle "CBM 174"]
[Source "ChessBase"]
[SourceDate "2016.09.13"]
[SourceVersion "1"]
[SourceVersionDate "2016.09.13"]
[SourceQuality "1"]
[TimeControl "40/5400:3600+10"]

1. d4 Nf6 2. c4 e6 3. Nf3 d5 4. Nc3 Bb4 5. Bg5 h6 6. Bxf6 Qxf6 7. e3 O-O 8. Rc1
dxc4 9. Bxc4 c5 10. O-O cxd4 11. Nxd4 Bd7 12. Qb3 {danach verflacht die Partie
sehr schnell} (12. Ne4 {ist ein ambitionierterer Versuch} Qe7 13. Qh5 Nc6 14.
Nb3 Be8 15. a3 f5 16. Qe2 Bxa3 17. bxa3 fxe4 18. Nc5 Ne5 19. Ba2 Nf3+ 20. Kh1
Qh4 21. gxf3 Bh5 22. Bxe6+ Kh8 23. Bg4 exf3 24. Qb2 Bxg4 25. Rg1 Rf7 26. Qd4 h5
27. Nd3 Rd8 28. Qe4 Qe7 29. Qxe7 Rxe7 30. Nf4 Kh7 31. Rc5 g6 32. h3 Bf5 33.
Nxh5 Bxh3 34. Kh2 Bf5 35. Nf6+ Kh6 36. e4 Rf8 37. e5 b6 38. Rd5 Kg7 39. Kg3 Be6
40. Rh1 Bg8 41. Kf4 Rc8 42. Rd4 b5 43. Re1 a5 44. Kxf3 Rc3+ 45. Kf4 Rxa3 46.
Nxg8 Kxg8 47. e6 Ra4 48. Rxa4 bxa4 49. Ke5 Kg7 50. Kd6 Kf8 51. Rc1 Re8 52. Ke5
a3 53. Kf6 a2 54. Ra1 Rb8 55. f4 Rb4 56. f5 gxf5 57. Rxa2 Rh4 58. Rd2 Rh6+ 59.
Ke5 Rh1 60. Kd6 Ke8 61. Rg2 Rd1+ 62. Ke5 Rh1 63. Rg6 Ke7 64. Rg7+ Ke8 65. Kf6
Rh6+ 66. Ke5 Rh1 {1/2-1/2 (66) So,W (2762)-Hou,Y (2673) Wijk aan Zee 2015 CBM
165 [Ftacnik,L]}) 12... Nc6 13. Nxc6 Bxc3 14. Qxb7 (14. Rxc3 Bxc6 15. Bb5 Bd5
16. Bc4 Bc6 17. Bb5 Bd5 18. Bc4 {1/2-1/2 (18) Ivanchuk,V (2715)-Carlsen,M 
(2862) Wijk aan Zee 2015}) 14... Bxc6 15. Qxc6 Bxb2 16. Rc2 Rac8 17. Qa4 Rc7 {
Diagramm [#] Weiß hat aufgrund der etwas besser platzierten Figuren
"symbolischen Vorteil", doch die Stellung gibt freilich zu wenig her um den
Weltmeister unter Druck zu setzen} 18. Bd3 Rxc2 19. Bxc2 Rc8 20. Rd1 Qc3 21.
Bb3 Qc5 22. g3 Bf6 23. Rd7 Rc7 24. Rxc7 Qxc7 25. Qe8+ Kh7 26. h4 g6 27. Qa8 Kg7
28. Kg2 h5 29. Qe4 a5 30. Ba4 Qc5 31. Qb7 Qb4 32. Qxb4 axb4 33. Kf3 Bc3 34. Kg2
Be1 35. Kf1 Bc3 36. Kg2 Be1 37. Kf1 Bc3 38. Kg2 1/2-1/2

[Event "Tata Steel-A 79th"]
[Site "Wijk aan Zee"]
[Date "2017.01.14"]
[Round "1"]
[White "So, Wesley"]
[Black "Carlsen, Magnus"]
[Result "1/2-1/2"]
[ECO "D15"]
[WhiteElo "2808"]
[BlackElo "2840"]
[PlyCount "65"]
[EventDate "2017.01.14"]
[EventType "tourn"]
[EventRounds "13"]
[EventCountry "NED"]
[EventCategory "21"]
[SourceTitle "CBM 177"]
[Source "ChessBase"]
[SourceDate "2017.03.16"]
[SourceVersion "1"]
[SourceVersionDate "2017.03.16"]
[SourceQuality "1"]
[TimeControl "40/6000+30:20/3000+30:900+30"]

1. d4 d5 2. c4 c6 3. Nf3 Nf6 4. e3 Bf5 5. Nc3 a6 6. Ne5 Nbd7 7. Qb3 Qc7 8.
cxd5 Nxe5 9. dxe5 Nxd5 10. Nxd5 cxd5 11. Bd2 Qxe5 12. Bc3 Qc7 13. Qxd5 e6 14. Qc4 $146 (14. Qd4 Rd8 15. Qa4+ Qd7 16. Qxd7+ Rxd7 17. f3 f6 18. e4 Bg6 19. Bc4 Bf7 20.
e5 Be7 21. Ke2 fxe5 22. Bxe5 Bf6 23. Bxf6 gxf6 24. Rhd1 Rg8 25. g3 Rg5 26. Rxd7
Kxd7 27. Rd1+ Ke7 28. b4 Rg8 29. Rd4 Rc8 30. Rh4 Bg6 31. a4 e5 32. Bd3 b5 33.
axb5 axb5 34. Bxb5 Rc2+ 35. Kd1 Rb2 36. Ba4 e4 37. fxe4 Rxb4 38. Bc2 f5 39. Kd2
fxe4 40. Kc3 Rb6 41. Bxe4 Bxe4 42. Rxe4+ Kf6 43. Rh4 Kg6 {Kovalenko,I (2667)
-Andreikin,D (2733) Poikovsky 2016 1/2-1/2}) 14... Qxc4 15.
Bxc4 Rc8 16. Bb3 Be7 17. Ke2 Be4 18. Bxg7 Rg8 19. Be5 Rxg2 20. Rac1 Rxc1 21. Rxc1 Rg5 22. Bf4 Rc5 23. Rxc5 Bxc5 24. Bc4 b5 25. Bd3 Bxd3+ 26. Kxd3 f5 27. f3 Kd7 28. e4 Kc6 29. h3 h5 30. b3 Bb6 31. Be5 Bc5 32. Bf4 Bb6 33. Be5 1/2-1/2

[Event "Tata Steel-A 79th"]
[Site "Wijk aan Zee"]
[Date "2017.01.16"]
[Round "3"]
[White "Andreikin, Dmitry"]
[Black "Carlsen, Magnus"]
[Result "1/2-1/2"]
[ECO "E01"]
[WhiteElo "2736"]
[BlackElo "2840"]
[PlyCount "53"]
[EventDate "2017.01.14"]
[EventType "tourn"]
[EventRounds "13"]
[EventCountry "NED"]
[EventCategory "21"]
[SourceTitle "CBM 177"]
[Source "ChessBase"]
[SourceDate "2017.03.16"]
[SourceVersion "1"]
[SourceVersionDate "2017.03.16"]
[SourceQuality "1"]
[TimeControl "40/6000+30:20/3000+30:900+30"]

1. d4 Nf6 2. c4 e6 3. Nf3 d5 4. g3 Bb4+ 5. Bd2 Bd6 6. Bg2 O-O 7. O-O Nbd7 8.
Qc2 c6 9. Bf4 Bxf4 10. gxf4 b6 11. Ne5 Nxe5 $146 (11... c5 12. dxc5 Nxc5 13. Nc3 Bb7 14. Rfd1 Rc8 15.
Rd4 Qe7 16. Rad1 dxc4 17. Bxb7 Nxb7 18. Rd7 Nxd7 19. Rxd7 Qh4 20. Rxb7 Qxf4 21.
Nf3 Rc7 22. Rxc7 Qxc7 23. Ng5 g6 24. Qe4 h6 25. Nf3 a6 26. Qe3 Kg7 27. Ne5 b5
28. Ng4 g5 29. Ne4 Qf4 30. Qh3 h5 31. Ngf6 Rh8 32. Qc3 e5 33. Qb4 Rh6 34. Ne8+
Kg8 35. N8d6 h4 36. h3 g4 37. e3 Qf3 38. Qc5 Rg6 39. Qc8+ Kh7 40. Kh2 g3+ {
0-1 (40) Bacrot,E (2709)-Adams,M (2682) England 2010}) 12. fxe5 Ng4 13. Nd2 Ba6 14. cxd5 cxd5 15. Nf3 Nh6 16. Bh3 f5 17. Kh1 Kh8 18. Rg1 Nf7 19. Rg3 Rc8 20. Qd2 Qc7 21. Ne1 Qe7 22. f4 Rc7 23. Ra3 Bb5 24. Rb3 Ba6 25. Ra3 Bb5 26. Rb3 Ba6 27. Ra3 1/2-1/2

[Event "Tata Steel-A 79th"]
[Site "Wijk aan Zee"]
[Date "2017.01.20"]
[Round "6"]
[White "Aronian, Levon"]
[Black "Carlsen, Magnus"]
[Result "1/2-1/2"]
[ECO "D15"]
[WhiteElo "2780"]
[BlackElo "2840"]
[PlyCount "60"]
[EventDate "2017.01.14"]
[EventType "tourn"]
[EventRounds "13"]
[EventCountry "NED"]
[EventCategory "21"]
[SourceTitle "CBM 177"]
[Source "ChessBase"]
[SourceDate "2017.03.16"]
[SourceVersion "1"]
[SourceVersionDate "2017.03.16"]
[SourceQuality "1"]
[TimeControl "40/6000+30:20/3000+30:900+30"]

1. d4 d5 2. c4 c6 3. Nc3 Nf6 4. e3 a6 5. Nf3 Bf5 6. Be2 h6 7. Qb3 Ra7 8.
cxd5 cxd5 9. Ne5 e6 10. Bd2 Be7 11. O-O O-O 12. Rfc1 Nfd7 13. Nxd7 Qxd7 14. Na4 Nc6 15. Qb6 $146 (15. Nc5 Qc7 16. h3 Rc8 17. a4
Bd6 18. a5 Qe7 19. Bd3 Bxd3 20. Nxd3 Raa8 21. Rc2 Na7 22. Rac1 Rxc2 23. Rxc2 {
1/2-1/2 (23) Le,Q (2702)-Vallejo Pons,F (2706) Tromsoe 2013}) 15... Rfa8 16. Nc5 Qc8 17. a3 Bd6 18. g3 Bc7 19.
Qb3 Qe8 20. Bf1 Rb8 21. Qc3 Bd8 22. Nxa6 bxa6 23. Qxc6 Qxc6 24. Rxc6 Rxb2 25. Be1 Be7 26. Rxa6 Rab7 27. Rc6 Rb1 28. Rc1 Rxc1 29. Rxc1 Bxa3 30. Ra1 Rb1 1/2-1/2

[Event "Tata Steel-A 79th"]
[Site "Wijk aan Zee"]
[Date "2017.01.25"]
[Round "10"]
[White "Harikrishna, Pentala"]
[Black "Carlsen, Magnus"]
[Result "1/2-1/2"]
[ECO "C48"]
[WhiteElo "2766"]
[BlackElo "2840"]
[PlyCount "73"]
[EventDate "2017.01.14"]
[EventType "tourn"]
[EventRounds "13"]
[EventCountry "NED"]
[EventCategory "21"]
[SourceTitle "CBM 177"]
[Source "ChessBase"]
[SourceDate "2017.03.16"]
[SourceVersion "1"]
[SourceVersionDate "2017.03.16"]
[SourceQuality "1"]
[TimeControl "40/6000+30:20/3000+30:900+30"]

1. e4 e5 2. Nf3 Nc6 3. Nc3 Nf6 4. Bb5 Bd6 5. d3 O-O 6. O-O (6. a3 Re8 7. g4 Bc5 8. Rg1 d5 9. g5 Ng4 10. Rg2 Nxf2 11. Rxf2
Bxf2+ 12. Kxf2 d4 13. Ne2 Qd6 14. Ng3 Bg4 15. Qh1 Rf8 16. Bc4 Ne7 17. h3 Be6
18. Nh4 Bxc4 19. dxc4 f6 20. Nhf5 Nxf5 21. exf5 fxg5 22. Bxg5 c6 23. Re1 d3 24.
cxd3 Qxd3 25. Qe4 Qb3 26. Re2 Rae8 27. Kg2 Rf7 28. Rd2 Ref8 29. h4 b5 30. cxb5
cxb5 31. Qxe5 h6 32. Be3 Rc8 33. Nh5 Rc2 34. f6 Rxd2+ 35. Bxd2 Qd3 {Naiditsch,
A (2687)-Malakhov,V (2713) Doha 2016 1-0 (73)}) 6... h6 7. a3 Re8 8. h3 Bc5 9. Be3 Nd4 10. Bc4 c6 11. Re1 $146 (11. Bxd4 exd4 12. Ne2 d5 13.
exd5 Nxd5 14. Re1 Nf6 15. Qd2 Be6 16. Bxe6 Rxe6 17. Ng3 Rxe1+ 18. Rxe1 Qd7 19.
Qf4 Nd5 20. Qe5 f6 21. Qe4 Nc7 22. Qf5 Qxf5 23. Nxf5 Rd8 24. b4 Bf8 25. N5xd4
c5 26. bxc5 Bxc5 27. Nb3 Bxa3 28. Ra1 Nb5 29. Na5 Bf8 30. Nxb7 Rb8 31. Na5 Nc3
32. Nc4 Bc5 33. Kf1 f5 34. g3 f4 35. gxf4 Nd5 36. d4 Bf8 37. f5 Nf4 38. h4 Rb4
39. Ne3 a5 40. c4 a4 {Acs,P (2567)-Hera,I (2564) Hungary 2013 1/2-1/2 (74)})
11... Nxf3+ 12. Qxf3 Bxe3 13. fxe3 b5 14. Ba2 a5 15. Ne2 d6 16. Ng3 Be6 17. Rf1 d5 18.
Rf2 Ra7 19. exd5 cxd5 20. Nf5 Kh7 21. Qg3 Bxf5 22. Rxf5 Rc7 23. c3 b4 24. cxb4 axb4 25. a4 b3 26. Bxb3 Qb8 27. Ra3 e4 28.
Kh2 exd3 29. Bxd5 d2 30. Rd3 Rc2 31. Qxb8 Rxb8 32. b3 Nxd5 33. Rfxd5 d1=Q 34. Rxd1 Rxb3 35. R5d2 Rxd2 36. Rxd2 Ra3 37. Kg1 1/2-1/2

[Event "Tata Steel-A 79th"]
[Site "Wijk aan Zee"]
[Date "2017.01.27"]
[Round "11"]
[White "Carlsen, Magnus"]
[Black "Adhiban, Baskaran"]
[Result "1/2-1/2"]
[ECO "B01"]
[WhiteElo "2840"]
[BlackElo "2653"]
[PlyCount "98"]
[EventDate "2017.01.14"]
[EventType "tourn"]
[EventRounds "13"]
[EventCountry "NED"]
[EventCategory "21"]
[SourceTitle "CBM 177"]
[Source "ChessBase"]
[SourceDate "2017.03.16"]
[SourceVersion "1"]
[SourceVersionDate "2017.03.16"]
[SourceQuality "1"]
[TimeControl "40/6000+30:20/3000+30:900+30"]

1. e4 d5 2. exd5 Nf6 3. Nf3 Nxd5 4. d4 Bg4 5. h3 Bh5 6. Be2 Nc6 7. O-O e6 8. c3 (8. c4 Nf6 9. Nc3 Be7 10. Be3 O-O 11. Qd2 Bg6 12.
Bd3 Bxd3 13. Qxd3 Nb4 14. Qe2 c6 15. a3 Na6 16. b4 Nc7 17. Rab1 Qc8 18. Rfc1 a5
19. Ne5 axb4 20. axb4 Ra3 21. Qb2 Ra8 22. Qb3 Nd7 23. Na4 Rb8 24. Bf4 Nxe5 25.
Bxe5 f6 26. Nb6 Qd8 27. Bxc7 Qxc7 28. c5 Bd8 29. Qxe6+ Qf7 30. Qxf7+ Rxf7 31.
Nc4 Rd7 32. b5 cxb5 33. Nd6 b6 34. Rxb5 Bc7 35. Nf5 bxc5 36. Rxb8+ Bxb8 37.
dxc5 Bf4 {Gdanski,J (2542)-Pakleza,Z (2509) Katowice 2010 1-0 (65)}) 8... Be7 9. Ne5 Nxe5 10. Bxh5 Ng6 11. Qb3 $146 (11. Bf3 c6
12. Re1 O-O 13. Nd2 Qc7 14. Nc4 Rad8 15. Qe2 Bf6 16. g3 Nb6 17. Ne3 Be7 18. h4
c5 19. h5 cxd4 20. hxg6 dxe3 21. gxf7+ Rxf7 22. Bxe3 Kh8 23. Be4 g6 24. Qg4 Bc5
25. Qxe6 Rdf8 26. Bd4+ Bxd4 27. cxd4 Rxf2 28. Qe5+ Qxe5 29. dxe5 Rxb2 30. Bxb7
Nc8 31. Reb1 Re2 32. Rf1 Re8 33. Bc6 Rd8 34. Rae1 Rxe1 35. Rxe1 Ne7 36. Ba4 Rd2
37. Bb3 h5 38. Re4 Kg7 39. g4 hxg4 40. Rxg4 Re2 {Vospernik,M-Karaklajic,N
Zagreb 1961 1/2-1/2}) 11... Rb8 12. c4 Nf6 13. Bxg6 hxg6 14. Qa4+ c6 15. Qxa7 Bd6 16. Nc3 Bc7 17. Rd1 Qd6 18. g3 Qd7 19. h4 O-O 20. Qc5 b5 21.
cxb5 cxb5 22. a3 Rfc8 23. Qg5 b4 24. axb4 Rxb4 25. Qd2 Bb6 26.
Ne2 Rbc4 27. Qd3 e5 28. Bg5 Ng4 29. Rac1 Rxc1 30. Rxc1 Re8 31. Rd1 exd4 32. Bf4 Nf6 33. Nc1 Nd5 34. Bd2 Qc6 35. Ne2 Qf6 36. Rc1 Qf5 37. Qxf5 gxf5 38. Kf1 d3 39. Nc3 Nxc3 40. Rxc3 Bd4 41. Rb3 g6 42. f3 Be5 43. g4 fxg4 44. fxg4 Bf6 45. h5 gxh5 46. gxh5 Re5 47. h6 Kh7 48. Rxd3 Rf5+ 49. Ke2 Bxb2 1/2-1/2

[Event "Grenke Chess Classic 4th"]
[Site "Karlsruhe/Baden-Baden"]
[Date "2017.04.17"]
[Round "3"]
[White "Hou, Yifan"]
[Black "Carlsen, Magnus"]
[Result "1/2-1/2"]
[ECO "B90"]
[WhiteElo "2649"]
[BlackElo "2838"]
[Annotator "Moradiabadi,E"]
[PlyCount "75"]
[EventDate "2017.04.15"]
[EventType "tourn"]
[EventRounds "7"]
[EventCountry "GER"]
[EventCategory "20"]
[SourceTitle "CBM 178"]
[Source "ChessBase"]
[SourceDate "2017.05.14"]
[SourceVersion "1"]
[SourceVersionDate "2017.05.14"]
[SourceQuality "1"]
[TimeControl "60"]

1. e4 c5 2. Nf3 d6 3. d4 cxd4 4. Nxd4 Nf6 5. Nc3 a6 6. a4 {
[%emt 0:05:20] A choice of Carlsen himself.} e5 7. Nf3 Be7 8. Bg5 {[%emt 0:01:52] Less ambitious but
more solid!} Be6 9. Bxf6 Bxf6 10. Nd5 Nd7 11. Bc4 Rc8 12. Qe2 Nb6 {[%emt 0:15:06] The World
Champion spent a lot of time here. I am sure he knew the right continuation
but was unhappy with the course of the game which has let White dry up the
position.} 13. Nxf6+ Qxf6 14. Bxe6 Qxe6 15. O-O (15. b3 O-O 16. Rd1 Rc6
{1/2-1/2 (16) Svidler,P (2739)-Grischuk,A (2746) Khanty-Mansiysk 2011}) 15...
O-O 16. Rfd1 Rc6 17. a5 {
[%emt 0:18:39] Finally a new move after a long think by the World Women's
number one.} Nd7 18. b3 Rfc8 19. Rd2 Nc5 20. Rad1 Qe7 21. Qe3 g6 22. g3 {[%emt 0:
02:33] The position is balanced but unlike most of the cases, it is Carlsen
who does not have the patience to wait.} b5 $6 {[%emt 0:02:05] Played after
just a short thinking since Black needs to save time as Carlsen spent a lot of
time early on in the game.} (22... Ne6 23. c4 Rb8 {and now b6 where Black
compensates for his weaknesses by attacking b3.}) 23. axb6 Rxb6 24. Rd5 Rcc6 $6 {[%emt 0:16:20] A
strange square for the rook.} (24... Rbc6 25. Nd2 Ne6 26. Nc4 Nd4 27. c3 Nxb3
28. Nxd6 Rf8 29. c4 Nd4 30. c5 {is not fun to play but is better than what
Carlsen did.}) 25. Nd2 $1 Nb7 26. Nc4 Rb5 27. Qa7 $1 $16 {[%emt 0:00:00] Excellent
play by Hou Yifan, Black is completely tied up!} Qc7 28. Rxb5
$2 {[%emt 0:12:11] A pity. Hou Yifan concedes a draw precisely when she had
the World Champion on the ropes!} (28. h4 h5 29. Ra1 Rb4 $1 30. Rd2 $1 {
An excellent prophylactic move.} ({Rushing to take the pawn with} 30. Rxa6 {
would let Black confuse the issue with the strong exchange sacrifice} Rcxc4 $1
31. bxc4 Rb1+ 32. Kh2 $1 {The reason this is the best move will be clear in an
instant:} Qxc4 33. Ra1 {Now it is understood. If the king had been on g2,
Black could have struck with ...Qf1+, but now there is no such killer blow.
Therefore} Rxa1 34. Qxa1 Qxc2 35. Kg1 Nc5 36. Rxd6 Nxe4 37. Rd8+ Kh7 38. Qa7
Qb3 {with good winning chances but it is not clear how winning this position
is... if at all.}) 30... a5 31. Ne3 Nc5 32. Qxc7 Rxc7 33. Rxd6 Nxe4 34. Rd5 f6
35. Raxa5 Rd4 36. Kg2 {and I believe Carlsen would be first in line to play
this position!}) 28... axb5 29. Nxd6 {[%emt 0:00:10] And now
the draw is inevitable.} Nxd6 30. Qxc7 Rxc7 31. Rxd6 Rxc2 32. Rd5 Re2 33. Rxe5 b4 34. Rb5 Rxe4 35. Kg2 Rd4 36. Kf1 Re4 37. Kg2 Rd4 38. Kf1 1/2-1/2

[Event "Paris GCT Rapid"]
[Site "Paris"]
[Date "2017.06.22"]
[Round "6"]
[White "Nakamura, Hikaru"]
[Black "Carlsen, Magnus"]
[Result "1/2-1/2"]
[ECO "D11"]
[WhiteElo "2785"]
[BlackElo "2832"]
[PlyCount "71"]
[EventDate "2017.06.21"]
[EventType "tourn (rapid)"]
[EventRounds "9"]
[EventCountry "FRA"]
[EventCategory "22"]
[SourceTitle "CBM 179"]
[Source "ChessBase"]
[SourceDate "2017.07.12"]
[SourceVersion "1"]
[SourceVersionDate "2017.07.12"]
[SourceQuality "1"]
[TimeControl "1500"]

1. d4 d5 2. c4 c6 3. Nf3 Nf6 4. e3 a6 5. Bd3 Bg4 6. Nbd2 e6 7. h3 Bf5 8. Bxf5 exf5 9. Qb3 Ra7 10. cxd5 cxd5 11. Ne5 Bd6 12. O-O O-O 13. Ndf3 Nc6 14. Bd2 Ne4 15. Rfd1 Ne7 16. Rac1 f6 17. Nd3 b6 18. Bb4 a5 19. Bxd6 Qxd6 20. Rc2 g5 21. Rdc1 Rb8 22. Qb5 Qd7 23. Qxd7 Rxd7 24. Nd2 Kf7 25. Nb1 Nd6 26. Nd2 Ng6 27. Nb1 Ne7 28. b3 Rc8 29. Rxc8 Ndxc8 30. Nc3 Nd6 31. Na4 Rb7 32. Kf1 h6 33. Nc3 Rc7 34. Na4 Rb7 35.
Nc3 Rc7 36. Na4 1/2-1/2